 Dungeon Crawl Stone Soup version 0.22-a0-858-g985ef60 (webtiles) character file.

403 Ekaitz the Firebug (level 6, -3/44 HPs)
             Began as a Demonspawn Fire Elementalist on July 27, 2018.
             Slain by an ogre
             ... wielding a +0 giant club
              (30 damage)
             ... on level 5 of the Dungeon.
             The game lasted 00:11:16 (3347 turns).

Ekaitz the Firebug (Demonspawn Fire Elementalist)   Turns: 3347, Time: 00:11:17

Health: -3/44      AC:  9    Str: 10    XL:     6   Next: 55%
Magic:  10/11      EV: 13    Int: 17    God:
Gold:   185        SH:  0    Dex: 13    Spells: 1/11 levels left

rFire    . . .     SeeInvis .   g - +0 mace
rCold    . . .     Gourm    .   (no shield)
rNeg     . . .     Faith    .   a - +0 robe
rPois    .         Spirit   .   (helmet restricted)
rElec    .         Reflect  .   k - +0 cloak
rCorr    .         Harm     .   (no gloves)
MR       +....                  j - +0 pair of boots
Stlth    ++........             (no amulet)
HPRegen  0.14/turn              h - +5 ring of protection
MPRegen  0.12/turn              f - ring of protection from magic

@: no status effects
A: antennae 2, powered by death 1, powered by pain 1
a: no special abilities


You were on level 5 of the Dungeon.
You were not hungry.

You visited 1 branch of the dungeon, and saw 5 of its levels.

You collected 185 gold pieces.

Inventory:

Hand Weapons
 e - a +0 dagger
 g - a +0 mace (weapon)
 s - a +0 halberd
Missiles
 i - 25 poisoned needles
 l - 5 needles of paralysis
 m - 8 tomahawks (quivered)
 p - 3 javelins
Armour
 a - a +0 robe (worn)
 j - a +0 pair of boots (worn)
 k - a +0 cloak (worn)
Jewellery
 f - a ring of protection from magic (right hand)
 h - a +5 ring of protection (left hand)
Scrolls
 b - 3 scrolls of amnesia {unknown}
 d - 3 scrolls of remove curse {unknown}
 n - a scroll of fog {unknown}
 o - a scroll of random uselessness {unknown}
 q - 5 scrolls of teleportation {unknown}
 r - a scroll of identify {unknown}
 u - a scroll of enchant weapon {unknown}
 v - a scroll of noise {unknown}
Potions
 t - a potion of lignification {unknown}
Comestibles
 c - 7 rations


   Skills:
 + Level 1.8 Fighting
 + Level 1.7 Maces & Flails
 + Level 1.0 Armour
 + Level 2.4 Dodging
 + Level 2.2 Stealth
 + Level 3.4 Spellcasting
 + Level 3.1 Conjurations
 * Level 3.7 Fire Magic


You had one spell level left.
You knew the following spells:

 Your Spells              Type           Power        Failure   Level  Hunger
a - Flame Tongue          Conj/Fire      ##...        4%          1    None
b - Throw Flame           Conj/Fire      ##....       6%          2    ##.....
c - Conjure Flame         Conj/Fire      ##......     12%         3    ###....
d - Sticky Flame          Conj/Fire      ##......     38%         4    ####...

Your spell library contained the following spells:

 Spells                   Type           Power        Failure   Level  Hunger
 Fireball                 Conj/Fire      ##........   75%         5    ######.
 Inner Flame              Hex/Fire       #.......     24%         3    ###....


Dungeon Overview and Level Annotations

Branches:
Dungeon (5/15)
 Temple: D:4-7

Altars:
Gozag
Wu Jian
Zin


Innate Abilities, Weirdness & Mutations

You have a pair of antennae on your head.
You regenerate a little health from kills.
You sometimes gain a little power by taking damage.


Message History

Confirm with . or Enter, or press ? or * to list all spells.
Aiming: Flame Tongue (safe; 4% risk of failure)
Press: ? - help, Shift-Dir - straight line, f - ogre
Aim: an ogre, wielding a giant club The flame tongue hits the ogre.
The ogre is lightly wounded.
The hound closely misses you. The ogre hits you with a giant club!
You focus on the pain.
You feel your power returning. The hound bites you.
Casting: Flame Tongue (safe; 4% risk of failure)
Confirm with . or Enter, or press ? or * to list all spells.
Aiming: Flame Tongue (safe; 4% risk of failure)
Press: ? - help, Shift-Dir - straight line, f/p - ogre
Aim: an ogre, wielding a giant club (lightly wounded)
The flame tongue hits the hound.
The hound is almost dead.
The hound closely misses you. The hound barely misses you.
The ogre hits you with a giant club!!
Ouch! That really hurt!
You die...

#...###...# ..........
#...#.....###..........
#...#.##....#..........
#...#.#................
...#..O#....####......
#.#...#..............
#....##.....###..####
#..Oh######.# #..#...
#..<@#....#.# ##.#...
#....#....#.# #.....
##....#....#.# #.....
#.....#....#+## ##....
#.............. #...)
#.............. #....
#.......###.... #....
##......# .O ##.##
#......# #.#


You could see 2 ogres and a hound.

Vanquished Creatures
  An ice beast (D:5)
  A jelly (D:5)
  A hound (D:4)
  A centaur skeleton (D:5)
  An iguana (D:5)
  2 worker ants (D:4)
  A worker ant zombie (D:5)
  4 gnolls (D:3)
  An adder (D:2)
  An ooze (D:1)
  2 dart slugs
  5 leopard geckos
  10 orcs
  5 bats
  6 giant cockroaches
  5 goblins
  5 hobgoblins
  7 jackals
  A quokka (D:4)
  3 frilled lizards
  4 kobolds
  A quokka skeleton (D:4)
  11 rats
79 creatures vanquished.

Notes
Turn   | Place    | Note
-------+----------+-------------------------------------------
     0 | D:1      | Ekaitz the Demonspawn Fire Elementalist began the quest for the Orb.
     0 | D:1      | Reached XP level 1. HP: 13/13 MP: 3/3
   442 | D:1      | Gained mutation: You have a pair of small antennae on your head. [demonic ancestry]
   442 | D:1      | Reached XP level 2. HP: 19/19 MP: 3/5
   446 | D:1      | Learned a level 2 spell: Throw Flame
  1002 | D:2      | Gained mutation: You regenerate a little health from kills. [demonic ancestry]
  1002 | D:2      | Reached XP level 3. HP: 25/25 MP: 6/6
  1047 | D:2      | Learned a level 3 spell: Conjure Flame
  1164 | D:2      | Found a glowing silver altar of Zin.
  1282 | D:2      | Reached skill level 1 in Armour
  1580 | D:3      | Reached skill level 1 in Fighting
  1620 | D:3      | Gained mutation: You have a pair of antennae on your head. [demonic ancestry]
  1620 | D:3      | Reached XP level 4. HP: 32/32 MP: 5/7
  2503 | D:4      | Noticed a hornet
  2584 | D:4      | Reached skill level 1 in Maces & Flails
  2584 | D:4      | Gained mutation: You sometimes gain a little power by taking damage. [demonic ancestry]
  2584 | D:4      | Reached XP level 5. HP: 30/37 MP: 0/8
  2924 | D:4      | Found an opulent altar of Gozag.
  2984 | D:4      | Learned a level 4 spell: Sticky Flame
  3085 | D:5      | Entered Level 5 of the Dungeon
  3098 | D:5      | Found an ornate altar of the Wu Jian Council.
  3170 | D:5      | Noticed an ice beast
  3181 | D:5      | Killed an ice beast
  3181 | D:5      | Reached XP level 6. HP: 35/44 MP: 1/10
  3347 | D:5      | Slain by an ogre

Vault maps used:
D:1:      dpeg_arrival_pits
D:2:      zin_scriptorium, first_ration, kennysheep_generic_room_9
D:4:      lemuel_zombie_altar_yredelemnul, gammafunk_ghost_nasty_kobolds,
          st_stairs_12, minmay_misc_feat_cross, hex_intersection,
          nicolae_gozag_seed_capital
D:5:      lemuel_crystal_altar, fedhas_altar_3

Skill      XL: |  1  2  3  4  5 |
---------------+----------------+-----
Dodging        | 2 |  2.4
Conjurations   | 2 3 |  3.1
Fire Magic     | 3 |  3.7
Armour         | 1 |  1.0
Fighting       | 1 |  1.8
Stealth        | 2 |  2.2
Maces & Flails | 1 |  1.7
Spellcasting   | 3 |  3.4

Action                   |  1- 3 |  4- 6 || total
-------------------------+-------+-------++-------
Melee: Unarmed           |     8 |       ||     8
       Mace              |    61 |    68 ||   129
 Cast: Flame Tongue      |    34 |    43 ||    77
       Throw Flame       |     8 |    29 ||    37
       Conjure Flame     |       |     3 ||     3
  Use: Potion            |       |     1 ||     1
 Stab: Sleeping          |     2 |       ||     2
  Eat: Chunk             |     3 |     8 ||    11
Armor: Robe              |    28 |    40 ||    68
Dodge: Dodged            |    61 |    66 ||   127

Table legend:
 A = Spawn XP
 B = Non-spawn XP
 C = Spawn XP percentage of total XP
 D = Spawn monster count
 E = Non-spawn monster count
 F = Spawn count percentage of total count
 G = Total turns spent on level
                    A         B        C        D         E        F      G
               +---------+---------+-------+---------+---------+-------+---------
         Total |       0 |     576 |   0.0 |       0 |      79 |   0.0 |  3347
               +---------+---------+-------+---------+---------+-------+---------
           D:1 |       0 |      40 |   0.0 |       0 |      20 |   0.0 |  1001
           D:2 |       0 |      39 |   0.0 |       0 |      15 |   0.0 |   517
           D:3 |       0 |      96 |   0.0 |       0 |      23 |   0.0 |  1047
           D:4 |       0 |     136 |   0.0 |       0 |      15 |   0.0 |   520
           D:5 |       0 |     265 |   0.0 |       0 |       6 |   0.0 |   262
               +---------+---------+-------+---------+---------+-------+---------
